 Dungeon Crawl Stone Soup version 0.24.0-13-gcf9b319 (webtiles) character file.

Game seed: 12439182321439898261, levelgen mode: deterministic

47 Bronimir the Magician (level 3, 0/20 HPs)
             Began as a Tengu Wizard on Mar 5, 2020.
             Slain by a jackal (2 damage)
             ... on level 2 of the Dungeon.
             The game lasted 00:03:35 (1522 turns).

Bronimir the Magician (Tengu Wizard)                Turns: 1522, Time: 00:03:35

Health: 0/20       AC:  4    Str: 13    XL:     3   Next: 70%
Magic:  1/9        EV: 12    Int: 18    God:
Gold:   57         SH:  0    Dex: 12    Spells: 8/9 levels left

rFire    + . .     SeeInvis .   a - +0 hand axe
rCold    + . .     Gourm    .   (no shield)
rNeg     . . .     Faith    .   j - +0 leather armour
rPois    +         Spirit   .   b - +1 hat
rElec    +         Reflect  .   (no cloak)
rCorr    +         Harm     .   (no gloves)
MR       .....                  (boots unavailable)
Stlth    ++........             (no amulet)
HPRegen  0.06/turn              (no ring)
MPRegen  0.11/turn              (no ring)

@: mighty, resistant, hasted, very quick
A: beak, talons 3
a: no special abilities


You were on level 2 of the Dungeon.
You were not hungry.

You visited 1 branch of the dungeon, and saw 2 of its levels.

You collected 57 gold pieces.

Inventory:

Hand Weapons
 a - a +0 hand axe (weapon)
 c - a +0 dagger
Missiles
 h - 12 poisoned darts (quivered)
 k - 47 stones
 o - 22 bolts
Armour
 b - a +1 hat (worn)
 e - a +0 robe
 g - a +0 ring mail
 j - a +0 leather armour (worn)
Scrolls
 p - a scroll of amnesia
Comestibles
 d - 3 rations
 r - a chunk of flesh


   Skills:
 + Level 0.4 Fighting
 + Level 0.2 Axes
 * Level 1.1 Armour
 + Level 2.5 Dodging
 + Level 2.3 Stealth
 + Level 3.6 Spellcasting
 * Level 1.9 Conjurations
   Level 1.2 Summonings
   Level 0.7 Translocations


You had 8 spell levels left.
You knew the following spells:

 Your Spells              Type           Power        Failure   Level  Hunger
a - Magic Dart            Conj           ##..         9%          1    None

Your spell library contained the following spells:

 Spells                   Type           Power        Failure   Level  Hunger
 Call Imp                 Summ           #.......     19%         2    ##.....
 Blink                    Tloc           N/A          22%         2    ##.....
 Slow                     Hex            #.......     30%         2    ##.....
 Conjure Flame            Conj/Fire      #.......     36%         3    ###....
 Mephitic Cloud           Conj/Pois/Air  #.......     41%         3    ###....


Dungeon Overview and Level Annotations

Branches:
Dungeon (2/15)

Altars:
Makhleb


Innate Abilities, Weirdness & Mutations

You have a beak for a mouth.
You have claws for feet.


Message History

As you read the scroll labeled OVEFIK XEUQA, it crumbles to dust.
It is a scroll of enchant armour.
Your +0 hat glows green for a moment.
The jackal bites you but does no damage.
As you read the scroll labeled HOL JYXISYEBACW, it crumbles to dust.
It is a scroll of amnesia.
Really abort (and waste the scroll)?
Okay, then.
The jackal bites you but does no damage.
Your magical contamination has completely faded away.
As you read the scroll labeled ZOFAUSK XEDEN, it crumbles to dust.
It is a scroll of identify.
Really abort (and waste the scroll)? [Y]es or [N]o only, please.
Really abort (and waste the scroll)?
Okay, then.
The jackal bites you but does no damage.
You feel mightier all of a sudden. The jackal bites you.
You die...

#.............>..
#.#......[.......
........#...#
........)..h#
#......#....#
#..........##
#.........hh#
###....##.#h#
#.....#..#@##
.........##..##
........#
##..######
.....#..####......#
...##...........#
.. #####.......#
#.......# ##......#
#....รท.#


You could see 3 jackals.

Vanquished Creatures
  A worm (D:2)
  3 leopard geckos (D:1)
  4 giant cockroaches (D:1)
  6 goblins (D:1)
  5 hobgoblins
  6 kobolds
  A quokka (D:2)
  6 bats (D:1)
  4 frilled lizards
  A rat (D:1)
37 creatures vanquished.

Notes
Turn   | Place    | Note
-------+----------+-------------------------------------------
     0 | D:1      | Bronimir the Tengu Wizard began the quest for the Orb.
     0 | D:1      | Reached XP level 1. HP: 10/10 MP: 5/5
   183 | D:1      | Reached XP level 2. HP: 8/15 MP: 4/7
   625 | D:1      | Reached XP level 3. HP: 17/19 MP: 9/9
  1416 | D:2      | Found a burning altar of Makhleb.
  1424 | D:2      | Reached skill level 1 in Armour
  1522 | D:2      | Slain by a jackal

Levels and vault maps discovered:
D:1:      wander_arrival_chamber, layout_loops_corners
D:2:      layout_rooms, overflow_temple_1_default, grunt_temple_overflow_open

Skill      XL: |  1  2  3 |
---------------+----------+-----
Armour         | 1 |  1.1
Fighting       | |  0.4
Axes           | |  0.2
Dodging        | |  2.5
Stealth        | |  2.3
Spellcasting   | |  3.6
Conjurations   | |  1.9
Summonings     | |  1.2
Translocations | |  0.7

Action                   || total
-------------------------++-------
Melee: Dagger            ||    20
       Peck              ||     7
       Hand axe          ||    61
       Kick              ||    18
 Cast: Magic Dart        ||    30
  Use: Scroll            ||     4
       Potion            ||     4
 Stab: Sleeping          ||     5
  Eat: Chunk             ||     2
Armor: Robe              ||     5
       Leather armour    ||    27
Dodge: Dodged            ||    84
